 Dungeon Crawl Stone Soup version 0.22.0-49-gab54619 (webtiles) character file.

212 vatarom the Charmwright (level 5, -1/43 HPs)
             Began as a Gnoll Skald on Sept 8, 2018.
             Slain by a gnoll
             ... wielding a +0 flail
              (5 damage)
             ... on level 3 of the Dungeon.
             The game lasted 00:04:51 (3318 turns).

vatarom the Charmwright (Gnoll Skald)               Turns: 3318, Time: 00:04:52

Health: -1/43      AC:  3    Str: 14    XL:     5   Next: 89%
Magic:  7/12       EV:  7    Int: 14    God:
Gold:   119        SH:  0    Dex: 14    Spells: 3/14 levels left

rFire    . . .     SeeInvis .   a - +0 spear
rCold    . . .     Gourm    .   (no shield)
rNeg     . . .     Faith    .   b - +0 leather armour
rPois    +         Spirit   .   (no helmet)
rElec    .         Reflect  .   (no cloak)
rCorr    .         Harm     .   (no gloves)
MR       .....                  (no boots)
Stlth    ++........             (no amulet)
HPRegen  0.14/turn              h - ring of flight
MPRegen  0.13/turn              (no ring)

@: very slightly contaminated, held
A: distributed training, fangs 1, dopey 1, poison resistance, evolution 1,
strong nose
a: Evoke Flight


You were on level 3 of the Dungeon.
You were not hungry.

You visited 1 branch of the dungeon, and saw 3 of its levels.

You collected 119 gold pieces.

Inventory:

Hand Weapons
 a - a +0 spear (weapon)
Missiles
 l - 4 tomahawks (quivered)
Armour
 b - a +0 leather armour (worn)
 k - a +0 buckler
 n - a +1 helmet
Jewellery
 h - a ring of flight (left hand)
Wands
 e - a wand of digging (14) {@v1}
Scrolls
 c - a scroll of enchant armour {unknown}
 f - a scroll of fear {unknown}
 i - 2 scrolls of noise
 m - a scroll of teleportation {@r3}
Comestibles
 d - 4 rations {@e1}
 o - 21 chunks of flesh


   Skills:
 + Level 4.8 Fighting
 + Level 1.6 Short Blades
 + Level 1.6 Long Blades
 + Level 1.6 Axes
 + Level 1.6 Maces & Flails
 + Level 4.8 Polearms
 + Level 1.6 Staves
 + Level 1.6 Slings
 + Level 1.6 Bows
 + Level 1.6 Crossbows
 + Level 1.6 Throwing
 + Level 3.0 Armour
 + Level 4.8 Dodging
 + Level 1.6 Stealth
 + Level 1.6 Shields
 + Level 1.6 Unarmed Combat
 + Level 5.2 Spellcasting
 + Level 1.3 Conjurations
 + Level 1.3 Hexes
 + Level 5.6 Charms
 + Level 1.3 Summonings
 + Level 1.3 Necromancy
 + Level 1.3 Translocations
 + Level 1.3 Transmutations
 + Level 1.3 Fire Magic
 + Level 1.3 Ice Magic
 + Level 1.3 Air Magic
 + Level 1.3 Earth Magic
 + Level 1.3 Poison Magic
 + Level 1.8 Invocations
 + Level 1.6 Evocations


You had 3 spell levels left.
You knew the following spells:

 Your Spells              Type           Power        Failure   Level  Hunger
a - Infusion              Chrm           ###.         2%          1    None
b - Shroud of Golubria    Chrm/Tloc      ##........   8%          2    ##.....
r - Regeneration          Chrm/Necr      ##........   16%         3    ###....
s - Song of Slaying       Chrm           ###.....     3%          2    ##.....
w - Spectral Weapon       Hex/Chrm       ##......     16%         3    ###....

Your spell library contained the following spells:

 Spells                   Type           Power        Failure   Level  Hunger


Dungeon Overview and Level Annotations

Branches:
Dungeon (3/15)

Altars:
Elyvilon

Annotations:
D:3 Grinder


Innate Abilities, Weirdness & Mutations

Your experience applies equally to all skills.
You have very sharp teeth.
Your uncanny sense of smell can sniff out nearby items.
You are dopey. (Int -2)
Your system is resistant to poisons. (rPois)
You evolve.


Message History

* * * LOW HITPOINT WARNING * * *
The gnoll hits your spectral weapon but does no damage.
The gnoll hits your spectral weapon with a club!
Your spectral weapon shares its damage with you!
Your spectral weapon fades away.
* * * LOW HITPOINT WARNING * * *
It was a potion of mutation.
You feel extremely strange.
You feel stupid.
You feel nature experimenting on you.
Don't worry, failures die fast.
You feel resistant to poisons. The gnoll hits you with a flail.
* * * LOW HITPOINT WARNING * * *
Unknown command.
Unknown command.
You struggle against the net.
The gnoll hits you with a whip.
* * * LOW HITPOINT WARNING * * *
The gnoll closely misses you.
You struggle against the net.
The gnoll hits you but does no damage. The gnoll hits you with a flail.
You die...

..#. ###.(..### ###.
###...# #.# #.(.### .
###.#### #.(.... ..
#......#####.(.##### .#
#......#...........#..#
..............(.......#
#..............gg..#
#....#..##.#...#@###.#
........##.#...g.....#
#..####.##.......#####
#.......##.#...#.#
##)#######.##.##.# ##)#
........# ##.# #
.####..# ##.##..##. ..#
[.(.>..... ...#


You could see 3 gnolls.

Vanquished Creatures
  Terence (D:2)
  Natasha (thrice) (D:2)
  Robin (D:3)
  An adder (D:2)
  A gnoll (D:3)
  An ooze (D:1)
  2 worms (D:2)
  2 dart slugs
  A leopard gecko (D:1)
  4 orcs (D:3)
  7 bats
  2 giant cockroaches (D:2)
  14 goblins
  12 hobgoblins
  3 frilled lizards
  5 kobolds (D:1)
  4 rats
64 creatures vanquished.

Vanquished Creatures (others)
  A quokka (D:2)
  A kobold (D:2)
  2 spectral weapons (D:3)
4 creatures vanquished.

Grand Total: 68 creatures vanquished

Notes
Turn   | Place    | Note
-------+----------+-------------------------------------------
     0 | D:1      | vatarom the Gnoll Skald began the quest for the Orb.
     0 | D:1      | Reached XP level 1. HP: 20/20 MP: 6/6
   166 | D:1      | Reached XP level 2. HP: 26/26 MP: 7/7
   170 | D:1      | Learned a level 2 spell: Song of Slaying
   173 | D:1      | Learned a level 2 spell: Shroud of Golubria
   720 | D:1      | Reached XP level 3. HP: 29/31 MP: 6/9
   722 | D:1      | Reached skill level 5 in Spellcasting
   745 | D:1      | Learned a level 3 spell: Spectral Weapon
   752 | D:1      | Learned a level 3 spell: Regeneration
  1634 | D:2      | Reached skill level 1 in Invocations
  1646 | D:2      | Noticed Natasha
  1662 | D:2      | Killed Natasha
  1662 | D:2      | Reached skill level 1 in Short Blades
  1662 | D:2      | Reached skill level 1 in Long Blades
  1662 | D:2      | Reached skill level 1 in Axes
  1662 | D:2      | Reached skill level 1 in Maces & Flails
  1662 | D:2      | Reached skill level 1 in Staves
  1662 | D:2      | Reached skill level 1 in Slings
  1662 | D:2      | Reached skill level 1 in Bows
  1662 | D:2      | Reached skill level 1 in Crossbows
  1662 | D:2      | Reached skill level 1 in Throwing
  1662 | D:2      | Reached skill level 1 in Stealth
  1662 | D:2      | Reached skill level 1 in Shields
  1662 | D:2      | Reached skill level 1 in Unarmed Combat
  1662 | D:2      | Reached skill level 1 in Evocations
  1662 | D:2      | Reached XP level 4. HP: 37/38 MP: 4/11
  1877 | D:2      | Noticed Natasha
  1884 | D:2      | Killed Natasha
  1884 | D:2      | Reached skill level 1 in Conjurations
  1884 | D:2      | Reached skill level 1 in Hexes
  1884 | D:2      | Reached skill level 1 in Summonings
  1884 | D:2      | Reached skill level 1 in Necromancy
  1884 | D:2      | Reached skill level 1 in Translocations
  1884 | D:2      | Reached skill level 1 in Transmutations
  1884 | D:2      | Reached skill level 1 in Fire Magic
  1884 | D:2      | Reached skill level 1 in Ice Magic
  1884 | D:2      | Reached skill level 1 in Air Magic
  1884 | D:2      | Reached skill level 1 in Earth Magic
  1884 | D:2      | Reached skill level 1 in Poison Magic
  1906 | D:2      | Found a white marble altar of Elyvilon.
  1991 | D:2      | Noticed Natasha
  1999 | D:2      | Killed Natasha
  1999 | D:2      | Reached XP level 5. HP: 12/43 MP: 8/12
  2255 | D:2      | Noticed Terence
  2484 | D:2      | Killed Terence
  2912 | D:3      | Noticed Grinder
  3240 | D:3      | Noticed Robin
  3250 | D:3      | Killed Robin
  3316 | D:3      | Gained mutation: You are dopey. (Int -2) [potion of
                  | mutation]
  3316 | D:3      | Gained mutation: You evolve. [potion of mutation]
  3316 | D:3      | Gained mutation: Your system is resistant to poisons.
                  | (rPois) [potion of mutation]
  3318 | D:3      | Slain by a gnoll

Skill      XL: |  1  2  3  4  5 |
---------------+----------------+-----
Spellcasting   | 5 |  5.2
Invocations    | 1 |  1.8
Short Blades   | 1 |  1.6
Long Blades    | 1 |  1.6
Axes           | 1 |  1.6
Maces & Flails | 1 |  1.6
Staves         | 1 |  1.6
Slings         | 1 |  1.6
Bows           | 1 |  1.6
Crossbows      | 1 |  1.6
Throwing       | 1 |  1.6
Stealth        | 1 |  1.6
Shields        | 1 |  1.6
Unarmed Combat | 1 |  1.6
Evocations     | 1 |  1.6
Conjurations   | 1 |  1.3
Hexes          | 1 |  1.3
Summonings     | 1 |  1.3
Necromancy     | 1 |  1.3
Translocations | 1 |  1.3
Transmutations | 1 |  1.3
Fire Magic     | 1 |  1.3
Ice Magic      | 1 |  1.3
Air Magic      | 1 |  1.3
Earth Magic    | 1 |  1.3
Poison Magic   | 1 |  1.3
Armour         | 3 |  3.0
Fighting       | |  4.8
Polearms       | |  4.8
Dodging        | |  4.8
Charms         | |  5.6

Action                   |  1- 3 |  4- 6 || total
-------------------------+-------+-------++-------
Melee: Spear             |   109 |   111 ||   220
       Bite              |    11 |     7 ||    18
Throw: Tomahawk          |       |     4 ||     4
 Cast: Infusion          |     2 |       ||     2
       Shroud of Golubri |     9 |     1 ||    10
       Spectral Weapon   |     2 |    11 ||    13
  Use: Scroll            |     5 |       ||     5
       Potion            |       |     2 ||     2
 Stab: Sleeping          |     1 |       ||     1
  Eat: Chunk             |     3 |     3 ||     6
       Ration            |       |     1 ||     1
Armor: Leather armour    |    11 |    13 ||    24
Dodge: Dodged            |    67 |    48 ||   115
